Map: King Sejong Station LE

Players

Miszu

  • Race: Protoss Protoss
  • League: Master

Vgolem - Winner!

  • Race: Terran Terran
  • League: Master

VOD

Have the link to the VOD?

Description

Time

  • Played on: June 28, 2016, 7:40 a.m.
  • Length: 8:06
Show
View Real Time Build Order
Export as new Build Order

Miszu Protoss 

Build Orders: Oracle Opening 

Get SALT Encoding   

  12  0:01  Probe (Chrono Boost)  
  13  0:11  Probe (Chrono Boost)  
  14  0:17  Pylon  
  14  0:22  Probe (Chrono Boost)  
  15  0:36  Gateway, Probe (Chrono Boost)  
  15  0:42  Assimilator  
  16  0:46  Probe (Chrono Boost)  
  17  0:56  Assimilator  
  18  0:57  Probe (Chrono Boost)  
  18  1:07  Probe (Chrono Boost)  
  19  1:19  Pylon  
  19  1:20  Probe (Chrono Boost)  
  19  1:24  Cybernetics Core  
  20  1:30  Probe (Chrono Boost)  
  21  1:41  Probe (Chrono Boost)  
  22  1:51  Probe (Chrono Boost)  
  23  2:01  Stargate  
  23  2:02  Stalker (Chrono Boost)  
  23  2:03  Warp Gate  
  25  2:12  Pylon  
  27  2:32  Stalker (Chrono Boost)  
  27  2:44  Oracle (Chrono Boost)  
  27  2:47  Gateway  
  27  2:48  Gateway  
  30  2:53  Pylon  
  30  3:00  Mothership Core  
  32  3:25  Void Ray (Chrono Boost)  
  37  4:03  Void Ray (Chrono Boost)  
  37  4:10  Sentry  
  37  4:11  Zealot x2  
  37  4:14  Pylon  
  43  4:33  Stalker x2  
  43  4:34  Zealot  
  43  5:05  Pylon  
  47  5:07  Void Ray (Chrono Boost)  
  47  5:29  Zealot x3  
  47  5:30  Pylon  
  51  5:44  Oracle (Chrono Boost)  
  42  6:03  Stalker  
  42  6:04  Stalker x2  
  40  6:23  Void Ray (Chrono Boost)  
  44  6:28  Zealot x3  
  49  7:02  Zealot x2  
  49  7:03  Stalker  
  49  7:05  Void Ray (Chrono Boost)  
  38  7:43  Stalker x2  
  38  7:44  Stalker  
Show
View Real Time Build Order
Export as new Build Order

Vgolem Terran - Winner!

Build Orders:  

Get SALT Encoding   

  12  0:01  SCV  
  13  0:14  SCV  
  13  0:17  Supply Depot  
  14  0:26  SCV  
  15  0:39  SCV  
  15  0:41  Barracks  
  16  0:45  Refinery  
  16  0:51  SCV  
  17  1:03  SCV  
  18  1:16  SCV  
  19  1:28  Orbital Command  
  19  1:31  Reaper  
  20  1:45  Engineering Bay  
  20  1:46  Supply Depot  
  20  1:53  Barracks  
  20  1:55  Refinery  
  20  1:56  SCV  
  21  2:05  Barracks Reactor  
  21  2:08  SCV  
  22  2:19  Bunker  
  22  2:21  SCV  
  23  2:33  SCV  
  24  2:38  Factory  
  24  2:40  Marine  
  24  2:41  Marine x2  
  27  2:51  SCV  
  28  2:59  Marine x2  
  28  3:03  SCV, Missile Turret  
  31  3:08  Missile Turret  
  31  3:14  Marine  
  31  3:17  Marine  
  33  3:26  Marine  
  31  3:31  Marine  
  30  3:35  Marine, Factory Tech Lab  
  30  3:36  Missile Turret  
  30  3:37  SCV  
  32  3:44  Marine  
  33  3:50  Marine  
  33  3:53  Marine, SCV  
  36  4:06  Cyclone  
  36  4:07  SCV  
  36  4:08  Barracks Tech Lab  
  41  4:16  Starport  
  41  4:29  Marine x2  
  43  4:37  SCV  
  44  4:42  Widow Mine  
  46  4:47  Supply Depot  
  46  4:51  Liberator  
  40  5:02  Marine x3  
  37  5:09  Supply Depot  
  42  5:15  Cyclone  
  42  5:17  Stimpack  
  44  5:24  Supply Depot  
  44  5:34  Supply Depot  
  35  5:58  SCV  
  34  6:11  Liberator  
  34  6:13  Cyclone  
  34  6:14  SCV  
  39  6:26  Barracks Reactor  
  42  6:33  SCV  
  42  6:37  Marine  
  44  6:45  SCV  
  45  6:54  Marine  
  42  7:02  SCV  
  42  7:05  Marine x2  
  45  7:10  Siege Tank  
  48  7:28  Marine x2  
  48  7:29  Marine  
  30  7:46  Marine  
Tags
 
Add a new tag
Caveats
  • Supply blocks, unpowered buildings, or Contaminate may cause inaccurate times.
  • Supply counts are checked every 10 seconds.